 Dungeon Crawl Stone Soup version 0.21.1-1-g345015f (webtiles) character file.

5995 goulibeur the Schismatic (level 10, -14/118 HPs)
             Began as a Demonspawn Abyssal Knight on July 15, 2018.
             Was an Elder of Lugonu.
             Demolished by Snorg (17 damage)
             ... on level 12 of the Dungeon.
             The game lasted 00:39:57 (11067 turns).

goulibeur the Schismatic (DsAK)                    Turns: 11067, Time: 00:39:59

Health: -14/118    AC: 17    Str: 17    XL:     10   Next: 55%
Magic:  0/19       EV:  8    Int: 17    God:    Lugonu [****..]
Gold:   544        SH:  5    Dex: 16    Spells: 9/9 levels left

rFire    + + .     SeeInvis +   y - +7 dagger of Cestrisupp {flame, rPois rF++ Int+3 Stlth+}
rCold    . . .     Gourm    .   G - +0 buckler
rNeg     + . .     Faith    .   j - +0 plate armour
rPois    +         Spirit   +   (helmet unavailable)
rElec    .         Reflect  .   (no cloak)
rCorr    .         Harm     .   (no gloves)
MR       .....                  (no boots)
Stlth    ..........             t - amulet of rage
HPRegen  0.29/turn              e - ring of positive energy
MPRegen  0.32/turn              n - +2 ring of slaying

@: berserking, corroded, sanguine armour, very quick
A: antennae 3, magic shield, magic regeneration, sanguine armour 2
a: Depart the Abyss, Bend Space, Banish, Corrupt, Renounce Religion, Evoke
Berserk Rage


You were on level 12 of the Dungeon.
You worshipped Lugonu.
Lugonu was greatly pleased with you.
You were near starving.

You visited 1 branch of the dungeon, and saw 12 of its levels.
You visited the Abyss 1 time.

You collected 544 gold pieces.

Inventory:

Hand Weapons
 a - a +1 short sword
 o - a +1 flail of venom
 y - the +7 dagger of Cestrisupp (weapon) {flame, rPois rF++ Int+3 Stlth+}
   (You found it on level 7 of the Dungeon)

   It has been specially enchanted to burn those struck by it, causing extra
   injury to most foes and up to half again as much damage against particularly
   susceptible opponents.
   It affects your intelligence (+3).
   It greatly protects you from fire.
   It protects you from poison.
   It makes you more stealthy.
Armour
 j - a +0 plate armour (worn)
 G - a +0 buckler (worn)
Jewellery
 e - a ring of positive energy (left hand)
 h - an uncursed ring of fire
 n - a +2 ring of slaying (right hand)
 t - an amulet of rage (around neck)
 v - an uncursed ring of flight
 A - an uncursed ring of wizardry {unknown}
 H - an uncursed ring of protection from fire {unknown}
Wands
 E - a wand of digging (9)
 J - a wand of random effects (21)
Scrolls
 f - 2 scrolls of identify
 l - 2 scrolls of random uselessness {unknown}
 p - 5 scrolls of teleportation
 q - 5 scrolls of remove curse
 r - 2 scrolls of fog {unknown}
 s - 2 scrolls of amnesia {unknown}
 x - a scroll of enchant armour {unknown}
 F - a scroll of magic mapping {unknown}
 I - a scroll of enchant weapon {unknown}
Potions
 b - 2 potions of brilliance {unknown}
 d - a potion of degeneration {unknown}
 g - 4 potions of might {unknown}
 i - a potion of berserk rage {unknown}
 k - 3 potions of heal wounds
 m - a potion of flight {unknown}
 w - a potion of haste {unknown}
 z - a potion of mutation {unknown}
 B - 3 potions of curing
 D - a potion of agility {unknown}
Comestibles
 c - 17 rations
 u - 16 chunks of flesh


   Skills:
 + Level 7.3 Fighting
 - Level 1.7 Short Blades
 + Level 6.2 Armour
 + Level 6.0 Dodging
 + Level 2.5 Shields
 * Level 12.1 Invocations
 + Level 4.9 Evocations


You had 9 spell levels left.
You didn't know any spells.

Dungeon Overview and Level Annotations

Branches:
Dungeon (13/15)            Temple (0/1) D:5            Lair (0/6) D:9
    Orc: D:9-12      Vaults: D:13-14

Altars:
Cheibriados
Fedhas
Hepliaklqana
Nemelex Xobeh
Qazlal
Sif Muna
The Shining One

Annotations:
D:12 Snorg


Innate Abilities, Weirdness & Mutations

You have a pair of large antennae on your head. (SInv)
When hurt, damage is shared between your health and your magic reserves.
You regenerate magic rapidly.
When seriously injured, your bleeding wounds create thick armour. (AC +9)


Message History

Snorg is lightly wounded.
The bullfrog zombie hits you but does no damage.
Snorg bites you.
* * * LOW HITPOINT WARNING * * *
Snorg closely misses you. Snorg claws you but does no damage.
You closely miss Snorg.
Snorg is lightly wounded.
The bullfrog zombie hits you but does no damage.
Snorg bites you.
* * * LOW HITPOINT WARNING * * *
Snorg claws you.
* * * LOW HITPOINT WARNING * * *
Snorg claws you but does no damage.
You puncture Snorg! You burn Snorg.
Snorg is moderately wounded.
The bullfrog zombie hits you but does no damage.
Snorg bites you.
* * * LOW HITPOINT WARNING * * *
Snorg claws you!
You die...

...# ...#
.<.# ... ..
##.# #..# #T#
#@# #Z# ...
..... .......
.........
...........
#...........#


You could see Snorg (berserk) and a bullfrog zombie.

Vanquished Creatures
  A kobold demonologist (D:10)
  Grinder (D:5)
  A hippogriff (D:8)
  6 yaks (D:10)
  A steam dragon (D:8)
  Menkaure (D:6)
  Edmund (D:4)
  Duvessa (D:7)
  An ice beast (D:5)
  4 ogres
  5 phantoms
  A black bear (D:10)
  3 centaurs
  2 big kobolds (D:10)
  A gnoll sergeant (D:7)
  8 bullfrogs
  Dowan (D:7)
  A wyvern zombie (D:10)
  2 scorpions
  An electric eel (D:6)
  3 crimson imps
  A centaur zombie (D:5)
  3 bullfrog zombies
  A quasit (D:10)
  An orc priest (D:5)
  A jelly (D:10)
  A bullfrog skeleton (D:4)
  5 hounds
  13 orc wizards
  2 centaur skeletons (D:5)
  A gnoll shaman (D:9)
  An iron imp (D:5)
  An iguana (D:9)
  7 worker ants
  2 hound skeletons
  2 worker ant zombies
  14 gnolls
  14 adders
  2 shadow imps
  An ooze (D:2)
  An adder skeleton (D:4)
  A worm (D:2)
  2 dart slugs
  4 leopard geckos
  43 orcs
  3 ball pythons
  A giant cockroach (D:5)
  7 goblins
  4 hobgoblins
  4 quokkas
  8 bats
  7 frilled lizards
  12 kobolds
  A quokka skeleton (D:8)
  8 rats
225 creatures vanquished.

Vanquished Creatures (others)
  An ugly thing (D:8)
  A jelly (D:12)
  A hound (D:12)
  An orc wizard (D:5)
4 creatures vanquished.

Grand Total: 229 creatures vanquished

Notes
Turn   | Place    | Note
-------+----------+-------------------------------------------
     0 | Abyss:1  | goulibeur the Demonspawn Abyssal Knight began the quest for the Orb.
     0 | Abyss:1  | Reached XP level 1. HP: 18/18 MP: 2/2
    73 | Abyss:1  | Noticed a thrashing horror
    74 | Abyss:1  | Noticed a ynoxinul
    74 | D:1      | Escaped the Abyss
   203 | D:1      | Reached skill level 1 in Dodging
   316 | D:1      | Gained mutation: When hurt, damage is shared between your health and your magic reserves. [demonic ancestry]
   316 | D:1      | Reached XP level 2. HP: 24/24 MP: 4/4
   363 | D:1      | Reached skill level 3 in Invocations
   663 | D:1      | Reached * piety under Lugonu
   898 | D:2      | Gained mutation: You have a pair of small antennae on your head. [demonic ancestry]
   898 | D:2      | Reached XP level 3. HP: 22/29 MP: 1/5
  1502 | D:2      | Reached skill level 4 in Invocations
  1502 | D:2      | Gained mutation: When seriously injured, your bleeding wounds create armour. (AC +9) [demonic ancestry]
  1502 | D:2      | Reached XP level 4. HP: 12/35 MP: 2/7
  2506 | D:3      | Reached ** piety under Lugonu
  2819 | D:4      | Gained mutation: You regenerate magic rapidly. [demonic ancestry]
  2819 | D:4      | Reached XP level 5. HP: 40/42 MP: 6/8
  2832 | D:4      | Noticed Edmund
  3007 | D:3      | Reached skill level 5 in Invocations
  3180 | D:4      | Killed Edmund
  3180 | D:4      | Gained mutation: You have a pair of antennae on your head. [demonic ancestry]
  3180 | D:4      | Reached XP level 6. HP: 16/48 MP: 8/10
  3741 | D:4      | Reached skill level 6 in Invocations
  3986 | D:5      | Entered Level 5 of the Dungeon
  3997 | D:5      | Noticed Grinder
  4014 | D:5      | Paralysed by Grinder for 4 turns
  4025 | D:5      | Paralysed by Grinder for 5 turns
  4170 | D:5      | Paralysed by Grinder for 7 turns
  4178 | D:5      | Paralysed by Grinder for 6 turns
  4186 | D:5      | Paralysed by Grinder for 6 turns
  4316 | D:5      | Paralysed by Grinder for 6 turns
  4323 | D:5      | Paralysed by Grinder for 7 turns
  4551 | D:5      | Paralysed by Grinder for 2 turns
  4556 | D:5      | Paralysed by Grinder for 3 turns
  4565 | D:5      | Killed Grinder
  4565 | D:5      | Gained mutation: You have a pair of large antennae on your head. (SInv) [demonic ancestry]
  4565 | D:5      | Reached XP level 7. HP: 51/55 MP: 9/12
  4630 | D:5      | Found a stormy altar of Qazlal.
  4691 | D:5      | Reached skill level 7 in Invocations
  4825 | D:5      | Found a blossoming altar of Fedhas.
  4934 | D:4      | Paralysed by fainting for 11 turns
  4945 | D:4      | Paralysed by fainting for 10 turns
  5188 | D:5      | Reached skill level 5 in Fighting
  5310 | D:5      | Found a glowing golden altar of the Shining One.
  5340 | D:5      | Found a staircase to the Ecumenical Temple.
  5349 | D:5      | Found a snail-covered altar of Cheibriados.
  5446 | D:5      | Reached skill level 8 in Invocations
  5446 | D:5      | Reached XP level 8. HP: 54/62 MP: 11/14
  5633 | D:5      | Found a sparkling altar of Nemelex Xobeh.
  5979 | D:6      | Found a deep blue altar of Sif Muna.
  5989 | D:6      | Noticed Menkaure
  5995 | D:6      | Killed Menkaure
  5995 | D:6      | Reached skill level 1 in Evocations
  6419 | D:6      | Reached *** piety under Lugonu
  6419 | D:6      | Reached skill level 9 in Invocations
  7229 | D:7      | Got a bloodstained dagger
  7230 | D:7      | Identified the +7 dagger of Cestrisupp {flame, rPois rF++ Int+3 Stlth+} (You found it on level 7 of the Dungeon)
  7343 | D:7      | Noticed Duvessa
  7344 | D:7      | Noticed Dowan
  7368 | D:7      | Killed Duvessa
  7368 | D:7      | Gained mutation: When seriously injured, your bleeding wounds create thick armour. (AC +9) [demonic ancestry]
  7368 | D:7      | Reached XP level 9. HP: 63/69 MP: 14/16
  7388 | D:7      | Reached skill level 5 in Armour
  7422 | D:7      | Killed Dowan
  7593 | D:7      | Reached skill level 10 in Invocations
  8579 | D:8      | Reached skill level 5 in Dodging
  9229 | D:8      | Noticed a white ugly thing
  9231 | D:8      | Banished a white ugly thing
  9231 | D:8      | Reached skill level 11 in Invocations
  9450 | D:9      | Reached skill level 1 in Shields
  9632 | D:9      | Reached **** piety under Lugonu
  9750 | D:9      | Found a deep blue altar of Sif Muna.
  9794 | D:9      | Found a staircase to the Lair.
  9987 | D:9      | Reached XP level 10. HP: 75/77 MP: 18/18
 10206 | D:9      | Found a hazy altar of Hepliaklqana.
 10521 | D:10     | Entered Level 10 of the Dungeon
 10673 | D:10     | Noticed a rust devil
 11016 | D:10     | Reached skill level 12 in Invocations
 11033 | D:10     | You fall through a shaft for 3 floors!
 11033 | D:13     | Noticed a wizard
 11033 | D:13     | Noticed an orc sorcerer
 11033 | D:13     | Noticed a vault guard
 11042 | D:13     | Noticed a vault guard
 11047 | D:13     | Noticed an unseen horror
 11052 | D:12     | Noticed Snorg
 11067 | D:12     | HP: 3/118 [Snorg (4)]
 11067 | D:12     | Demolished by Snorg

Skill      XL: |  1  2  3  4  5  6  7  8  9 10 |
---------------+-------------------------------+-----
Dodging        | 1 2 3 4 5 6 |  6.0
Invocations    | 3 4 5 6 8 9 11 12 | 12.1
Armour         | 2 3 4 5 6 |  6.2
Fighting       | 4 5 6 7 |  7.3
Evocations     | 2 4 |  4.9
Shields        | 1 2 |  2.5
Short Blades   | |  1.7

Action                   |  1- 3 |  4- 6 |  7- 9 | 10-12 || total
-------------------------+-------+-------+-------+-------++-------
Melee: Short sword       |   210 |   137 |       |       ||   347
       Whip              |    15 |       |       |       ||    15
       Flail             |       |    77 |   231 |       ||   308
       Dagger            |       |       |   296 |   188 ||   484
Invok: Depart the Abyss  |     1 |       |       |       ||     1
       Banish            |       |       |     1 |     2 ||     3
 Abil: Evoke Berserk Rag |       |       |     1 |     1 ||     2
  Use: Scroll            |     3 |       |     1 |     3 ||     7
       Potion            |     1 |     2 |       |     1 ||     4
  Eat: Chunk             |     2 |     9 |    14 |     3 ||    28
       Ration            |       |       |     2 |       ||     2
Armor: Leather armour    |     6 |       |       |       ||     6
       Plate armour      |   218 |   154 |   440 |   154 ||   966
       Ring mail         |     2 |       |       |       ||     2
Dodge: Dodged            |    66 |    34 |   110 |    51 ||   261
Block: Buckler           |       |       |    14 |    46 ||    60
